MLB
MONTREAL EXPOS @ CLEVELAND INDIANS
07/09/2044
 
TOP OF THE 1ST
Montreal Expos batting - Pitching for Cleveland Indians : RHP Andy Zecher
Pitching: RHP Andy Zecher
Batting: RHB Robby Juarez 0-0: Called Strike
0-1: Called Strike
0-2: Strikes out looking
Batting: SHB Pete Barutha 0-0: Ball
1-0: Called Strike
1-1: Ball
2-1: Ball
3-1: Called Strike
3-2: Foul Ball, location: 2F
3-2: Base on Balls
Batting: RHB Mike Salmon 0-0: Ball
Pete Barutha steals 2nd base
1-0: Called Strike
1-1: Foul Ball, location: 2F
1-2: Strikes out looking
Batting: RHB Hugo Bautista 0-0: Ball
1-0: Ball
2-0: Ball
3-0: Foul Ball, location: 2F
3-1: Base on Balls
Batting: LHB Jimmy Buscemi 0-0: Ball
1-0: Ball
2-0: Called Strike
2-1: Ball
3-1: Base on Balls
Pete Barutha to third
Hugo Bautista to second
Batting: RHB Martin Chavez 0-0: Ball
1-0: Fielders Choice at 2nd, U6 (Groundball, 6M, EV 99.4 MPH)
Top of the 1st over - 0 runs, 0 hits, 0 errors, 3 left on base; Montreal 0 - Cleveland 0
BOTTOM OF THE 1ST
Cleveland Indians batting - Pitching for Montreal Expos : RHP Jon Turman
Pitching: RHP Jon Turman
Batting: LHB Fernando Campos 0-0: Called Strike
0-1: Ball
1-1: Fly out, F8 (Line Drive, 8RD, EV 100.6 MPH)
Batting: RHB Drtian Thaqi 0-0: Ball
1-0: Swinging Strike
1-1: DOUBLE (Groundball, 5L, EV 96.9 MPH)
Batting: SHB Moe Lester 0-0: Called Strike
0-1: Called Strike
0-2: Ball
1-2: TRIPLE (Line Drive, 89XD, EV 105.6 MPH)
Drtian Thaqi scores
Batting: SHB Merrick Geter 0-0: Ball
1-0: SINGLE (Line Drive, 7S, EV 91.3 MPH)
Moe Lester scores
Batting: LHB Arvin Dungca 0-0: Ball
1-0: Ball
2-0: Called Strike
2-1: Called Strike
2-2: Fielders Choice at 2nd, U6 (Groundball, P, EV 87.5 MPH)
Batting: RHB Paul Word 0-0: Swinging Strike
0-1: SINGLE (Groundball, 6S, EV 75.0 MPH) (infield hit)
Arvin Dungca to second
Batting: RHB Ken Howard 0-0: Called Strike
0-1: Ball
1-1: Ball
2-1: Ball
3-1: Called Strike
3-2: Ground out 6-3 (Groundball, 6, EV 89.4 MPH)
Bottom of the 1st over - 2 runs, 4 hits, 0 errors, 2 left on base; Montreal 0 - Cleveland 2
TOP OF THE 2ND
Montreal Expos batting - Pitching for Cleveland Indians : RHP Andy Zecher
Batting: SHB Bran Stark 0-0: Ball
1-0: Fly out, F8 (Flyball, 89M, EV 91.9 MPH)
Batting: RHB Wen-hua Lei 0-0: Called Strike
0-1: Ball
1-1: Ball
2-1: Called Strike
2-2: Foul Ball, location: 2F
2-2: Strikes out looking
Batting: SHB Hans Mikkelsen 0-0: Ball
1-0: Foul Ball, location: 2F
1-1: Ball
2-1: Ball
3-1: Ground out U3 (Groundball, 3L, EV 103.1 MPH)
Top of the 2nd over - 0 runs, 0 hits, 0 errors, 0 left on base; Montreal 0 - Cleveland 2
BOTTOM OF THE 2ND
Cleveland Indians batting - Pitching for Montreal Expos : RHP Jon Turman
Batting: SHB Dan Hill 0-0: Ball
1-0: Foul Ball, location: 2F
1-1: Called Strike
1-2: Ball
2-2: Strikes out swinging
Batting: RHB Justin Ganey 0-0: Ground out U3 (Groundball, 34, EV 85.6 MPH)
Batting: LHB Fernando Campos 0-0: Ball
1-0: Ball
2-0: Called Strike
2-1: Swinging Strike
2-2: Ball
3-2: Strikes out swinging
Bottom of the 2nd over - 0 runs, 0 hits, 0 errors, 0 left on base; Montreal 0 - Cleveland 2
TOP OF THE 3RD
Montreal Expos batting - Pitching for Cleveland Indians : RHP Andy Zecher
Batting: RHB Robby Juarez 0-0: Called Strike
0-1: Ball
1-1: Foul Ball, location: 2F
1-2: Foul Ball, location: 2F
1-2: SINGLE (Groundball, 4MD, EV 104.4 MPH)
Batting: SHB Pete Barutha 0-0: Ball
1-0: Ball
2-0: 2-RUN HOME RUN (Flyball, 9D, EV 93.8 MPH), Distance : 364 ft
Batting: RHB Mike Salmon 0-0: Ball
1-0: Ball
2-0: Ball
3-0: Base on Balls
Batting: RHB Hugo Bautista 0-0: Ball
1-0: Foul Ball, location: 2F
1-1: 2-RUN HOME RUN (Flyball, 7D, EV 99.4 MPH), Distance : 389 ft
Batting: LHB Jimmy Buscemi 0-0: Ball
1-0: Called Strike
1-1: DOUBLE (Line Drive, 89D, EV 108.8 MPH)
Batting: RHB Martin Chavez 0-0: Called Strike
0-1: Swinging Strike
0-2: Strikes out swinging
Batting: SHB Bran Stark 0-0: Ground out U3 (Groundball, 3L, EV 81.3 MPH)
Jimmy Buscemi to third
Batting: RHB Wen-hua Lei 0-0: Ball
1-0: Fly out, F8 (Flyball, 8LM, EV 89.4 MPH)
Top of the 3rd over - 4 runs, 4 hits, 0 errors, 1 left on base; Montreal 4 - Cleveland 2
BOTTOM OF THE 3RD
Cleveland Indians batting - Pitching for Montreal Expos : RHP Jon Turman
Batting: RHB Drtian Thaqi 0-0: Swinging Strike
0-1: Ball
1-1: Ball
2-1: Ground out U3 (Groundball, 13, EV 84.4 MPH)
Batting: SHB Moe Lester 0-0: Ball
1-0: Called Strike
1-1: Called Strike
1-2: Foul Ball, location: 2F
1-2: Foul Ball, location: 2F
1-2: Ball
2-2: Fly out, F8 (Flyball, 8RXD, EV 96.9 MPH)
Batting: SHB Merrick Geter 0-0: Foul Ball, location: 2F
0-1: Foul Ball, location: 2F
0-2: Foul Ball, location: 2F
0-2: Foul Ball, location: 2F
0-2: SINGLE (Line Drive, 6MD, EV 96.3 MPH)
Batting: LHB Arvin Dungca 0-0: Ball
1-0: Ball
2-0: Swinging Strike
2-1: Foul Ball, location: 2F
2-2: SINGLE (Groundball, 34D, EV 95.0 MPH)
Merrick Geter to second
Merrick Geter to third
Batting: RHB Paul Word 0-0: Ball
1-0: Called Strike
Arvin Dungca steals 2nd base
1-1: Ground out 3-1 (Groundball, 34S, EV 85.6 MPH)
Bottom of the 3rd over - 0 runs, 2 hits, 0 errors, 2 left on base; Montreal 4 - Cleveland 2
TOP OF THE 4TH
Montreal Expos batting - Pitching for Cleveland Indians : RHP Andy Zecher
Batting: SHB Hans Mikkelsen 0-0: Ball
1-0: Foul Ball, location: 2F
1-1: Foul Ball, location: 2F
1-2: Ball
2-2: Strikes out swinging
Batting: RHB Robby Juarez 0-0: Ball
1-0: Called Strike
1-1: TRIPLE (Groundball, 5D, EV 103.8 MPH)
Batting: SHB Pete Barutha 0-0: Ball
1-0: Swinging Strike
1-1: Ball
2-1: Foul Ball, location: 2F
2-2: Ball
3-2: Strikes out swinging
Batting: RHB Mike Salmon 0-0: Ball
1-0: Ball
2-0: Called Strike
2-1: Foul Ball, location: 2F
2-2: Foul Ball, location: 2F
2-2: Foul Ball, location: 2F
2-2: Ground out 4-3 (Groundball, 4, EV 80.0 MPH)
Top of the 4th over - 0 runs, 1 hit, 0 errors, 1 left on base; Montreal 4 - Cleveland 2
BOTTOM OF THE 4TH
Cleveland Indians batting - Pitching for Montreal Expos : RHP Jon Turman
Batting: RHB Ken Howard 0-0: Fly out, F8 (Line Drive, 8RD, EV 103.8 MPH)
Batting: SHB Dan Hill 0-0: Ball
1-0: Foul Ball, location: 2F
1-1: Foul Ball, location: 2F
1-2: Ball
2-2: Ball
3-2: Strikes out swinging
Batting: RHB Justin Ganey 0-0: Called Strike
0-1: Ball
1-1: Foul Ball, location: 2F
1-2: Ball
2-2: Ball
3-2: Foul Ball, location: 2F
3-2: Fly out, F7 (Flyball, 7D, EV 80.6 MPH)
Bottom of the 4th over - 0 runs, 0 hits, 0 errors, 0 left on base; Montreal 4 - Cleveland 2
TOP OF THE 5TH
Montreal Expos batting - Pitching for Cleveland Indians : RHP Andy Zecher
Batting: RHB Hugo Bautista 0-0: Called Strike
0-1: SINGLE (Line Drive, 34, EV 103.1 MPH)
Batting: LHB Jimmy Buscemi 0-0: Ball
Hugo Bautista is caught stealing 2nd base 2-6
1-0: Called Strike
1-1: Called Strike
1-2: Strikes out swinging
Batting: RHB Martin Chavez 0-0: Ball
1-0: Swinging Strike
1-1: Ball
2-1: SOLO HOME RUN (Flyball, 9D, EV 97.5 MPH), Distance : 380 ft
Pitching: RHP Chris McCown
Batting: SHB Bran Stark 0-0: Hit by Pitch
Batting: RHB Wen-hua Lei 0-0: Ball
Bran Stark steals 2nd base
1-0: Ground out 6-3 (Groundball, 6MS, EV 70.0 MPH)
Top of the 5th over - 1 run, 2 hits, 0 errors, 1 left on base; Montreal 5 - Cleveland 2
BOTTOM OF THE 5TH
Cleveland Indians batting - Pitching for Montreal Expos : RHP Jon Turman
Batting: LHB Fernando Campos 0-0: Ground out 3-1 (Groundball, 34, EV 83.1 MPH)
Batting: RHB Drtian Thaqi 0-0: Fly out, F8 (Flyball, 89M, EV 84.4 MPH)
Batting: SHB Moe Lester 0-0: Called Strike
0-1: Swinging Strike
0-2: Foul Ball, location: 2F
0-2: Ball
1-2: Strikes out swinging
Bottom of the 5th over - 0 runs, 0 hits, 0 errors, 0 left on base; Montreal 5 - Cleveland 2
TOP OF THE 6TH
Montreal Expos batting - Pitching for Cleveland Indians : RHP Chris McCown
Batting: SHB Hans Mikkelsen 0-0: Ball
1-0: Called Strike
1-1: Ball
2-1: Ground out 4-3 (Groundball, 4, EV 81.9 MPH)
Batting: RHB Robby Juarez 0-0: Foul Ball, location: 2F
0-1: Called Strike
0-2: Foul Ball, location: 2F
0-2: Ball
1-2: Fly out, F8 (Flyball, 8LXD, EV 96.9 MPH)
Batting: SHB Pete Barutha 0-0: Ball
1-0: Foul Ball, location: 2F
1-1: Ball
2-1: Fly out, F4 (Popup, 4S, EV 67.5 MPH)
Top of the 6th over - 0 runs, 0 hits, 0 errors, 0 left on base; Montreal 5 - Cleveland 2
BOTTOM OF THE 6TH
Cleveland Indians batting - Pitching for Montreal Expos : RHP Jon Turman
Batting: SHB Merrick Geter 0-0: Ball
1-0: Ball
2-0: Called Strike
2-1: Swinging Strike
2-2: Foul Ball, location: 2F
2-2: Strikes out swinging
Batting: LHB Arvin Dungca 0-0: Foul Ball, location: 2F
0-1: Foul Ball, location: 2F
0-2: Ball
1-2: Ball
2-2: Foul Ball, location: 2F
2-2: SINGLE (Line Drive, 34D, EV 103.1 MPH)
Batting: RHB Paul Word 0-0: Foul Ball, location: 2F
0-1: Ball
1-1: Called Strike
1-2: Grounds into double play, 1-6-3 (Groundball, 13, EV 67.5 MPH)
Bottom of the 6th over - 0 runs, 1 hit, 0 errors, 0 left on base; Montreal 5 - Cleveland 2
TOP OF THE 7TH
Montreal Expos batting - Pitching for Cleveland Indians : RHP Chris McCown
Pitching: RHP Jay Woodall
Batting: RHB Mike Salmon 0-0: Ball
1-0: Fly out, F7 (Flyball, 7D, EV 107.5 MPH)
Batting: RHB Hugo Bautista 0-0: Ball
1-0: Ground out 5-3 (Groundball, 5, EV 111.3 MPH)
Batting: LHB Jimmy Buscemi 0-0: Called Strike
0-1: Swinging Strike
0-2: Ball
1-2: Ball
2-2: Ball
3-2: Strikes out swinging
Top of the 7th over - 0 runs, 0 hits, 0 errors, 0 left on base; Montreal 5 - Cleveland 2
BOTTOM OF THE 7TH
Cleveland Indians batting - Pitching for Montreal Expos : RHP Jon Turman
Batting: RHB Ken Howard 0-0: Ball
1-0: Ball
2-0: Swinging Strike
2-1: Ball
3-1: Base on Balls
Pitching: LHP Mike Jones
Batting: SHB Dan Hill 0-0: Ball
1-0: Fielders Choice at 2nd, 5-4 (Groundball, 5D, EV 84.4 MPH)
Batting: RHB Justin Ganey 0-0: Ball
1-0: Ball
2-0: Foul Ball, location: 2F
2-1: Foul Ball, location: 2F
2-2: Strikes out swinging
Batting: LHB Fernando Campos 0-0: Ball
1-0: Ball
2-0: Foul Ball, location: 2F
2-1: Foul Ball, location: 2F
2-2: Foul Ball, location: 2F
2-2: Ground out 4-3 (Groundball, 34D, EV 97.5 MPH)
Bottom of the 7th over - 0 runs, 0 hits, 0 errors, 1 left on base; Montreal 5 - Cleveland 2
TOP OF THE 8TH
Montreal Expos batting - Pitching for Cleveland Indians : RHP Jay Woodall
Pitching: RHP Dan Korte
Batting: RHB Martin Chavez 0-0: Ball
1-0: Ball
2-0: Foul Ball, location: 2F
2-1: Ball
3-1: Foul Ball, location: 2F
3-2: SINGLE (Groundball, 6D, EV 102.5 MPH)
Batting: SHB Bran Stark 0-0: Ball
1-0: Grounds into double play, 6-4-3 (Groundball, 6, EV 80.6 MPH)
Batting: RHB Wen-hua Lei 0-0: Ball
1-0: Called Strike
1-1: Called Strike
1-2: Ball
2-2: Ground out 5-3 (Groundball, 56, EV 85.6 MPH)
Top of the 8th over - 0 runs, 1 hit, 0 errors, 0 left on base; Montreal 5 - Cleveland 2
BOTTOM OF THE 8TH
Cleveland Indians batting - Pitching for Montreal Expos : LHP Mike Jones
Batting: RHB Drtian Thaqi 0-0: Called Strike
0-1: Swinging Strike
0-2: Ball
1-2: Ball
2-2: Strikes out swinging
Batting: SHB Moe Lester 0-0: Ground out 3-1 (Groundball, 34S, EV 84.4 MPH)
Batting: SHB Merrick Geter 0-0: Ball
1-0: SINGLE (Groundball, 56D, EV 104.4 MPH)
Batting: LHB Arvin Dungca 0-0: Called Strike
0-1: Foul Ball, location: 2F
0-2: Fly out, F7 (Flyball, 7, EV 83.1 MPH)
Bottom of the 8th over - 0 runs, 1 hit, 0 errors, 1 left on base; Montreal 5 - Cleveland 2
TOP OF THE 9TH
Montreal Expos batting - Pitching for Cleveland Indians : RHP Dan Korte
Pitching: RHP Hector Guerrero
Batting: SHB Hans Mikkelsen 0-0: Foul Ball, location: 2F
0-1: Ball
1-1: Ball
2-1: Called Strike
2-2: Strikes out swinging
Batting: RHB Robby Juarez 0-0: Ball
1-0: Called Strike
1-1: Ground out 6-3 (Groundball, 6, EV 87.5 MPH)
Batting: SHB Pete Barutha 0-0: Swinging Strike
0-1: Swinging Strike
0-2: SINGLE (Groundball, 56S, EV 64.4 MPH) (infield hit)
Batting: RHB Mike Salmon 0-0: Called Strike
Pete Barutha steals 2nd base
0-1: Swinging Strike
0-2: Ball
1-2: Ball
2-2: Ball
3-2: Foul Ball, location: 2F
3-2: Foul Ball, location: 2F
3-2: Strikes out looking
Top of the 9th over - 0 runs, 1 hit, 0 errors, 1 left on base; Montreal 5 - Cleveland 2
BOTTOM OF THE 9TH
Cleveland Indians batting - Pitching for Montreal Expos : LHP Mike Jones
Pitching: RHP Elliott Payne
Batting: RHB Paul Word 0-0: Ball
1-0: Foul Ball, location: 2F
1-1: Fly out, F8 (Line Drive, 8RD, EV 90.0 MPH)
Batting: RHB Ken Howard 0-0: Called Strike
0-1: Ball
1-1: Foul Ball, location: 2F
1-2: Ball
2-2: Fly out, F8 (Flyball, 8RD, EV 91.3 MPH)
Batting: SHB Dan Hill 0-0: Ball
1-0: Called Strike
1-1: DOUBLE (Flyball, 8LXD, EV 108.8 MPH)
Batting: RHB Justin Ganey 0-0: SINGLE (Groundball, 56D, EV 103.8 MPH) (infield hit)
Dan Hill to third
Batting: LHB Fernando Campos 0-0: Ball
1-0: Ball
2-0: Called Strike
2-1: Called Strike
2-2: Ball
3-2: Ground out 4-3 (Groundball, 4, EV 88.1 MPH)
Bottom of the 9th over - 0 runs, 2 hits, 0 errors, 2 left on base; Montreal 5 - Cleveland 2
Thursday, March 31st , 2022 - OOTP Baseball 22.12 Build 89